[Event "KNSB Bekerfinale"]
[Site "Haarlem, Netherlands"]
[Date "????.??.??"]
[Round "1.1"]
[White "Pavlidis, Antonioa"]
[Black "Schoppen, Casper"]
[Result "1/2-1/2"]
[TimeControl "100 minutes + increment 10 seconds"]
[WhiteTitle "GM"]
[BlackTitle "GM"]
[WhiteFideId "4212312"]
[BlackFideId "1046730"]
[WhiteElo "2584"]
[BlackElo "2558"]

1. e4 e5 2. Nf3 Nc6 3. Bb5 a6 4. Ba4 Nf6 5. O-O Be7 6. d3 b5 7. Bb3 d6 8. a3 O-O 9. Nc3 Na5 10.
Ba2 c5 11. b4 Nc6 12. Nd5 Rb8 13. c3 h6 14. h3 a5 15. Be3 axb4 16. axb4 cxb4 17. Nxb4 Nxb4 18. cxb4 Bb7 19. Qd2 Kh8 20.
Rfd1 Nh7 21. d4 Bxe4 22. dxe5 Bxf3 23. gxf3 dxe5 24. Qxd8 Rfxd8 25. Rxd8+ Rxd8 26. Bxf7 Ng5 27. Bxg5 Bxg5 28. Ra7 Rb8 29. Rd7 Bc1 30.
Re7 Ba3 31. Rxe5 Bxb4 32. Re8+ Rxe8 33. Bxe8 Bd6 34. Bxb5 g5 1/2-1/2

[Event "KNSB Bekerfinale"]
[Site "Haarlem, Netherlands"]
[Date "????.??.??"]
[Round "1.2"]
[White "Pham, Khoi"]
[Black "Fridman, Daniel"]
[Result "1/2-1/2"]
[TimeControl "100 minutes + increment 10 seconds"]
[WhiteTitle "IM"]
[BlackTitle "GM"]
[WhiteFideId "1054988"]
[BlackFideId "11600454"]
[WhiteElo "2385"]
[BlackElo "2591"]

1. Nf3 Nf6 2. c4 e6 3. g3 a6 4. Bg2 b5 5. d3 Bb7 6. O-O c5 7. Na3 Qb6 8. b3 d5 9. Bb2 Be7 10.
cxd5 Bxd5 11. Nc2 O-O 12. Rc1 Rd8 13. Ne3 Bb7 14. Qc2 Nc6 15. Rfe1 Rac8 16. Qb1 Ne8 17. Qa1 Bf6 18. a3 Bxb2 19.
Qxb2 Nd4 20. Nxd4 cxd4 21. Nf1 Bxg2 22. Kxg2 e5 23. Nd2 Nc7 24. b4 Qb7+ 25. Kg1 Ne6 26. Ne4 Qd5 27. Rxc8 Rxc8 28.
Rc1 Rc6 29. Rxc6 Qxc6 30. Nc5 Nxc5 31. Qc1 f6 32. bxc5 Kf7 33. e3 Ke6 34. exd4 exd4 35. Qe1+ Kd7 36. Qb4 Qd5 37. Qa5 Qc6 38.
Qb4 Qd5 39. Qa5 1/2-1/2

[Event "KNSB Bekerfinale"]
[Site "Haarlem, Netherlands"]
[Date "????.??.??"]
[Round "1.3"]
[White "Burg, Twan"]
[Black "Grutter, Tim"]
[Result "1/2-1/2"]
[TimeControl "100 minutes + increment 10 seconds"]
[WhiteTitle "GM"]
[BlackTitle "FM"]
[WhiteFideId "1010697"]
[BlackFideId "1057472"]
[WhiteElo "2506"]
[BlackElo "2326"]

1. e4 e5 2. Nf3 Nc6 3. d4 exd4 4. Nxd4 Nf6 5. Nc3 Bb4 6. Nxc6 bxc6 7. Bd3 O-O 8. O-O Re8 9. Re1 d6 10.
a3 Bxc3 11. bxc3 Nd7 12. Rb1 Nc5 13. c4 Be6 14. Qh5 Rb8 15. Be3 Nxd3 16. cxd3 c5 17. Qe2 Rb6 18. g4 Qh4 19. f3 Reb8 20. Rxb6 Rxb6 21. Qf2 Qxf2+ 22. Kxf2 Rb2+ 23. Re2 Rb3 24.
Bc1 Rxd3 25. Rb2 Kf8 26. Rb7 Rc3 27. Bf4 Rxa3 28. Rxc7 Ra6 29. e5 dxe5 30. Bxe5 f6 31. Bf4 Bxc4 32.
Be3 Ra2+ 33. Kg3 a5 34. Bxc5+ Kg8 35. Bd4 Bf1 36. h4 h6 37. Rc8+ Kh7 38. Rc7 Kg8 39. Rc8+ Kh7 40. Rc1 Be2 41.
Rc7 Kg8 42. g5 hxg5 43. hxg5 fxg5 44. Rxg7+ Kf8 45. Rxg5 a4 46. Ra5 Bd1 47. f4 Rd2 48. Bc5+ Kf7 49. f5 Rd5 50. Kf4 Bc2 51.
Ra7+ Ke8 52. Re7+ Kd8 53. Re5 Rxe5 54. Kxe5 Bxf5 55. Kxf5 a3 56. Bxa3 1/2-1/2

[Event "KNSB Bekerfinale"]
[Site "Haarlem, Netherlands"]
[Date "????.??.??"]
[Round "1.4"]
[White "Boeren, Jurriaan"]
[Black "Bosch, Jeroen"]
[Result "0-1"]
[TimeControl "100 minutes + increment 10 seconds"]
[BlackTitle "IM"]
[WhiteFideId "1067478"]
[BlackFideId "1001280"]
[WhiteElo "2178"]
[BlackElo "2393"]

1. e4 Nf6 2. e5 Nd5 3. d4 d6 4. c4 Nb6 5. exd6 cxd6 6. Nc3 g6 7. Be3 Bg7 8. Rc1 O-O 9. b3 N6d7 10.
Be2 Nf6 11. h3 d5 12. Nf3 Nc6 13. O-O Bf5 14. Re1 Rc8 15. c5 Ne4 16. Bd3 Nxc3 17. Rxc3 Be4 18. Be2 Qa5 19. Qd2 Rfd8 20.
Rd1 e5 21. Nxe5 Bxe5 22. dxe5 d4 23. Rcc1 dxe3 24. Qxe3 Bd5 25. Bg4 Rb8 26. e6 Qc7 27. h4 Bxe6 28. Bxe6 fxe6 29. Qxe6+ Qf7 30. Qg4 Rxd1+ 31. Rxd1 Rf8 32. f3 Qf5 33. Qc4+ Rf7 0-1

[Event "KNSB Bekerfinale"]
[Site "Haarlem, Netherlands"]
[Date "????.??.??"]
[Round "1.5"]
[White "De Jong, Jan-Willem"]
[Black "Warmerdam, Max"]
[Result "0-1"]
[TimeControl "100 minutes + increment 10 seconds"]
[WhiteTitle "IM"]
[BlackTitle "GM"]
[WhiteFideId "1008641"]
[BlackFideId "1048104"]
[WhiteElo "2398"]
[BlackElo "2631"]

1. c4 e6 2. Nc3 d5 3. d4 Nf6 4. cxd5 exd5 5. Bg5 c6 6. e3 h6 7. Bh4 Be7 8. Bd3 O-O 9. Nge2 Re8 10.
O-O a5 11. Qc2 Na6 12. a3 Nc7 13. Rad1 Ne6 14. h3 Bd7 15. Bxf6 Bxf6 16. e4 dxe4 17. Nxe4 Be7 18. Bc4 b5 19.
Ba2 Bf8 20. d5 cxd5 21. Rxd5 Qc8 22. Qd3 Bc6 23. Bb1 g6 24. Nf6+ Kh8 25. Nxe8 Bxd5 26. Qxd5 Qxe8 27. Nc3 b4 28.
axb4 axb4 29. Ne4 Rd8 30. Qc4 Rd4 31. Qc1 Qa8 32. Re1 Bg7 33. b3 Qd5 34. Qc8+ Kh7 35. Bc2 Nf4 36. Re3 f5 37.
Qc7 fxe4 38. Qxf4 Be5 39. Qg4 h5 40. Qe2 Rd2 41. Bxe4 Rd1+ 0-1

[Event "KNSB Bekerfinale"]
[Site "Haarlem, Netherlands"]
[Date "????.??.??"]
[Round "1.6"]
[White "Zwirs, Nico"]
[Black "Bosman, Michiel"]
[Result "1-0"]
[TimeControl "100 minutes + increment 10 seconds"]
[WhiteTitle "IM"]
[BlackTitle "IM"]
[WhiteFideId "1036432"]
[BlackFideId "1000721"]
[WhiteElo "2482"]
[BlackElo "2340"]

1. e4 e6 2. d4 d5 3. Nc3 Bb4 4.
e5 c5 5.
a3 Bxc3+ 6. bxc3 Qc7 7.
a4 b6 8.
Bb5+ Kf8 9. a5 Ba6 10. axb6 axb6 11. Nf3 Ne7 12. O-O Bxb5 13. Rxa8 Bxf1 14. Qxf1 Qb7 15. Ra2 c4 16. Ba3 Ke8 17.
Qb1 Nc8 18. h4 h6 19. h5 Kd7 20. Qc1 Kc6 21. Qf4 Qd7 22. Qg4 Rg8 23. Nh4 Kb7 24. f4 g6 25. Nf3 Ne7 26. Bxe7 Qxe7 27.
Qh3 Nd7 28. hxg6 Rxg6 29. f5 exf5 30. Nh4 Rg5 31. Nxf5 Qe6 32. Nd6+ Kb8 33. Qxe6 fxe6 34. Ra1 Rg3 35. Kf2 Rg6 36. Rh1 Kc7 37. Nf7 Rg7 38.
Nxh6 Rh7 39. g4 Nf8 40. Kg3 Kd8 41. g5 Ra7 42. Rf1 Ke8 43. Kg4 Ra2 44. Nf7 Ng6 45. Nd6+ Kd8 46. Rf2 Ra3 47.
Rf6 Ne7 48. Rxe6 Rxc3 49. Nf5 Nxf5 50. Kxf5 Rxc2 51. Rxb6 Ke7 52. Rb7+ Kf8 53. Ke6 c3 54. Kxd5 Rg2 55. Rc7 c2 56. Ke4 1-0

[Event "KNSB Bekerfinale"]
[Site "Haarlem, Netherlands"]
[Date "????.??.??"]
[Round "1.7"]
[White "Pijpers, Arthur"]
[Black "Van Delft, Merijn"]
[Result "0-1"]
[TimeControl "100 minutes + increment 10 seconds"]
[WhiteTitle "IM"]
[BlackTitle "IM"]
[WhiteFideId "1019554"]
[BlackFideId "1004670"]
[WhiteElo "2456"]
[BlackElo "2391"]

1. e4 c5 2. Nc3 d6 3. f4 g6 4. Nf3 Bg7 5. a3 Nc6 6. Bb5 Bd7 7. O-O Nd4 8. Nxd4 cxd4 9. Bxd7+ Qxd7 10.
Ne2 f5 11. exf5 Qxf5 12. d3 Nh6 13. h3 Rc8 14. g4 Qc5 15. f5 gxf5 16. Nf4 fxg4 17. b4 Qf5 18. Ng2 Qh5 19. Qe2 Be5 20.
h4 Nf5 21. Bf4 Bxf4 22. Rxf4 Nxh4 23. Rxg4 Ng6 24. Re1 Rxc2 25. Qe6 Ne5 26. Rf4 Rxg2+ 27. Kxg2 Qg5+ 28. Kh1 Qxf4 29. Qc8+ Kf7 30.
Qxh8 Qh4+ 31. Kg2 Qxe1 0-1

[Event "KNSB Bekerfinale"]
[Site "Haarlem, Netherlands"]
[Date "????.??.??"]
[Round "1.8"]
[White "Beerdsen, Thomas"]
[Black "Van Wessel, Rudy"]
[Result "1-0"]
[TimeControl "100 minutes + increment 10 seconds"]
[WhiteTitle "GM"]
[BlackTitle "IM"]
[WhiteFideId "1030108"]
[BlackFideId "1004395"]
[WhiteElo "2497"]
[BlackElo "2347"]

1. e4 c5 2. Nf3 d6 3. d4 cxd4 4. Nxd4 Nf6 5. Nc3 a6 6. h4 e5 7. Nb3 Be7 8. Be2 Be6 9. f4 exf4 10.
Bxf4 Nc6 11. Qd2 O-O 12. O-O-O Ne5 13. Qe3 Qc7 14. h5 Rfe8 15. g4 b5 16. g5 Nfd7 17. Nd4 b4 18. Nd5 Bxd5 19.
exd5 Bf8 20. Qh3 Nb6 21. Qg2 Nbc4 22. Kb1 a5 23. Rh3 a4 24. g6 fxg6 25. hxg6 Nxg6 26. Bc1 Rxe2 27. Qxe2 Nge5 28.
Rdh1 g6 29. Ne6 Qb7 30. Qh2 h5 31. Rxh5 gxh5 32. Qxh5 1-0

[ePGN "0.1;DGT LiveChess/2.2.6"]

[Event "KNSB Bekerfinale"]
[Site "Haarlem, Netherlands"]
[Date "????.??.??"]
[Round "2.1"]
[White "Warmerdam, Max"]
[Black "Burg, Twan"]
[Result "1-0"]
[TimeControl "100 minutes + increment 10 seconds"]
[WhiteTitle "GM"]
[BlackTitle "GM"]
[WhiteFideId "1048104"]
[BlackFideId "1010697"]
[WhiteElo "2631"]
[BlackElo "2506"]

1. c4 e5 2. Nc3 Nf6 3. Nf3 Nc6 4. d3 d5 5. cxd5 Nxd5 6. e4 Nxc3 7. bxc3 Bc5 8. Be2 O-O 9. O-O Qd6 10.
a4 Bg4 11. h3 Bd7 12. Nd2 Qg6 13. Bh5 Qf6 14. Nb3 Bd6 15. d4 Qe7 16. Bf3 f6 17. a5 Nd8 18. Re1 Ne6 19. Bg4 Rad8 20.
Be3 b6 21. Qc2 Be8 22. axb6 axb6 23. Ra7 Bd7 24. d5 Nc5 25. Nxc5 bxc5 26. Bxd7 Rxd7 27. Qa4 f5 28. f3 Rdd8 29.
exf5 Rxf5 30. Qe4 Rff8 31. Rb1 Ra8 32. Rxa8 Rxa8 33. Kh1 Qe8 34. Bg1 Qg6 35. Qxg6 hxg6 36. c4 Ra4 37. Rc1 Kf7 38.
Bf2 Ke7 39. Kg1 Kd7 40. Kf1 c6 41. dxc6+ Kxc6 42. Rc2 Be7 43. Ke2 Ra3 44. Be1 Bf6 45. Bd2 e4 46. fxe4 Bd4 47. Bf4 Kd7 48.
h4 Ke6 49. g3 Be5 50. Kf2 Bd4+ 51. Kg2 Be5 52. Bxe5 Kxe5 53. Rd2 Kxe4 54. Rd5 Ra5 55. Kh3 Kf3 56. Rd7 Ra4 57. Rxg7 Rxc4 58.
Rxg6 Rc1 59. Rf6+ Ke4 60. h5 c4 61. Rc6 c3 62. h6 c2 63. Kg2 Rd1 64. Rxc2 Kf5 65. h7 Rd8 66. Rc4 Kg6 67.
Rh4 Rh8 68. Kf3 Rf8+ 69. Kg4 Rh8 70. Rh1 Kf6 71. Rh6+ Kg7 72. Kg5 Kf7 73. Rf6+ Kg7 74. Rg6+ Kf7 75. Kh6 1-0

[Event "KNSB Bekerfinale"]
[Site "Haarlem, Netherlands"]
[Date "????.??.??"]
[Round "2.2"]
[White "Fridman, Daniel"]
[Black "Zwirs, Nico"]
[Result "1-0"]
[TimeControl "100 minutes + increment 10 seconds"]
[WhiteTitle "GM"]
[BlackTitle "IM"]
[WhiteFideId "11600454"]
[BlackFideId "1036432"]
[WhiteElo "2591"]
[BlackElo "2482"]

1. Nf3 d5 2. g3 Nf6 3. Bg2 e6 4. O-O Be7 5. c4 O-O 6. b3 c6 7. Bb2 b6 8. Nc3 Nbd7 9. d3 Bb7 10.
e4 dxe4 11. dxe4 Qc7 12. Qe2 e5 13. Nh4 Rfe8 14. Nf5 Bf8 15. f4 b5 16. cxb5 cxb5 17. Kh1 b4 18. Nd5 Bxd5 19. exd5 exf4 20.
Qd2 Rac8 21. Rac1 Qa5 22. Rxc8 Rxc8 23. Qxf4 Qxa2 24. Nh6+ gxh6 25. Bxf6 Nxf6 26. Qxf6 Rc7 27. d6 Rd7 28.
Qf5 1-0

[Event "KNSB Bekerfinale"]
[Site "Haarlem, Netherlands"]
[Date "????.??.??"]
[Round "2.3"]
[White "Beerdsen, Thomas"]
[Black "Pavlidis, Antonioa"]
[Result "0-1"]
[TimeControl "100 minutes + increment 10 seconds"]
[WhiteTitle "GM"]
[BlackTitle "GM"]
[WhiteFideId "1030108"]
[BlackFideId "4212312"]
[WhiteElo "2497"]
[BlackElo "2584"]

1. e4 c5 2. Nf3 Nc6 3. Bb5 Nf6 4. Nc3 Qc7 5. O-O a6 6. Bxc6 dxc6 7. e5 Nd5 8. Ne4 Bf5 9. Nxc5 e6 10. Nb3 c5 11. d3 Be7 12. Re1 h6 13. Bd2 g5 14. c4 Nb6 15.
Ba5 Qc6 16. Bxb6 Qxb6 17. d4 Rd8 18. d5 g4 19. Nfd2 exd5 20. cxd5 Rxd5 21. Qc1 Qg6 22. Nc4 O-O 23. Ne3 Rxe5 24.
Nxf5 Qxf5 25. Qxh6 Re8 26. g3 Bf6 27. Rxe5 Rxe5 28. Rf1 Re2 29. Qc1 Rxb2 30. Qxc5 Qxc5 31. Nxc5 Bd4 32. Ne4 Rxa2 33.
Rd1 Ra1 34. Rxa1 Bxa1 35. Nc5 a5 36. Nxb7 a4 37. Nc5 a3 38. Nd3 Bd4 39. Nb4 f5 40. Kg2 Kf7 41. f3 Bc5 42. Nc2 a2 43.
fxg4 fxg4 44. Kf1 Ke6 45. Ke2 Ke5 46. Kd3 Bd4 47. Kc4 Ke4 48. Kb3 a1=Q 0-1

[Event "KNSB Bekerfinale"]
[Site "Haarlem, Netherlands"]
[Date "????.??.??"]
[Round "2.4"]
[White "Bosch, Jeroen"]
[Black "Van Delft, Merijn"]
[Result "1/2-1/2"]
[TimeControl "100 minutes + increment 10 seconds"]
[WhiteTitle "IM"]
[BlackTitle "IM"]
[WhiteFideId "1001280"]
[BlackFideId "1004670"]
[WhiteElo "2393"]
[BlackElo "2391"]

1. d4 Nf6 2. c4 g6 3. Nc3 Bg7 4. e4 d6 5. Nf3 O-O 6. Be2 e5 7. d5 a5 8. O-O Na6 9. Qc2 Bd7 10.
Bg5 h6 11. Bh4 Qe8 12. Nd2 Nh7 13. b3 h5 14. f3 Bf6 15. Bf2 h4 16. a3 Qe7 17. Rab1 Bg5 18. Rfd1 Nf6 19. b4 b6 20.
bxa5 bxa5 21. Nb5 Nh5 22. c5 Nxc5 23. Nb3 Na6 24. Nxa5 f5 25. Nc6 Qf6 26. Nb4 fxe4 27. Nxa6 exf3 28.
Bxf3 Rxa6 29. Nxc7 Rxa3 30. Ne6 Bxe6 31. dxe6 Rxf3 32. e7 Re8 33. gxf3 Rxe7 34. Rb6 Re6 35. Qc8+ Kh7 36. Rdxd6 Rxd6 37.
Qc7+ Kh6 38. Qxd6 Qf5 39. Rb8 Qxf3 40. Qf8+ Qxf8 41. Rxf8 Kg7 42. Ra8 Kf6 43. Kg2 Kf5 44. Rf8+ Nf6 45. Kh3 Bh6 46. Rh8 Bg7 47. Rxh4 g5 48. Ra4 Bh6 49. Kg2 Nd5 50.
Bg3 Ne3+ 51. Kf3 g4+ 52. Ke2 Nd5 53. Ra5 Nf4+ 54. Kf2 Nd3+ 55. Ke2 Nf4+ 56. Kf2 Bg5 57. Bxf4 Bxf4 58. Kg2 Ke4 1/2-1/2

[Event "KNSB Bekerfinale"]
[Site "Haarlem, Netherlands"]
[Date "????.??.??"]
[Round "2.5"]
[White "Schoppen, Casper"]
[Black "Van Wessel, Rudy"]
[Result "1-0"]
[TimeControl "100 minutes + increment 10 seconds"]
[WhiteTitle "GM"]
[BlackTitle "IM"]
[WhiteFideId "1046730"]
[BlackFideId "1004395"]
[WhiteElo "2558"]
[BlackElo "2347"]

1. Nf3 d5 2. g3 Nf6 3. Bg2 c6 4. O-O Bg4 5. h3 Bxf3 6. Bxf3 e5 7. d4 Nbd7 8. c4 dxc4 9. Nd2 exd4 10.
Nxc4 Nc5 11. b4 Ne6 12. Rb1 Be7 13. b5 O-O 14. bxc6 bxc6 15. Ne5 c5 16. Nc6 Qd7 17. Nxe7+ Qxe7 18.
Bxa8 Rxa8 19. e3 Rd8 20. exd4 cxd4 21. Qd3 Qd7 22. Qb5 Qc8 23. Re1 h6 24. Qf5 Nd5 25. Bd2 Ng5 26. Re5 Nxh3+ 27. Kg2 Qxf5 28. Rxf5 Ng5 29. Bxg5 hxg5 30. Rd1 Nc3 31. Rd3 Nxa2 32. Rxg5 Nb4 33. Rd1 Rd6 34. Rb5 Nc6 35. Rc5 g6 36.
Kf3 Kg7 37. Ke2 Nd8 38. Ra5 Nc6 39. Ra6 Kf6 40. Rc1 Re6+ 41. Kd2 Ne5 42. Rxa7 g5 43. Rc5 g4 44. Kc2 Kg6 45. Rd5 d3+ 46. Kd2 f6 47. Ra4 Rc6 48.
Rf4 Rc2+ 49. Kd1 Ra2 50. Rd6 Ra1+ 51. Kd2 Nf3+ 52. Kc3 Rc1+ 53. Kb2 Rc2+ 54. Kb3 Rxf2 55. Rxg4+ Kf5 56. Rf4+ Ke5 57.
Rxd3 Nd2+ 58. Kc2 Ne4+ 59. Rxf2 Nxf2 60. Rf3 Ne4 61. Kd3 f5 62. Ke2 Nf6 63. Re3+ Ne4 64. Kf3 Kf6 65. Ra3 Ng5+ 66. Ke3 Ne6 67.
Ra5 Kg6 68. Kf3 Kf6 69. Kg2 Nd4 70. Kh3 Nf3 71. Ra3 Ng5+ 72. Kh4 Ne6 73. Kh5 Ng7+ 74. Kh6 Ne6 75. Rf3 Ng5 76. Rf1 Ne6 77.
g4 f4 1-0

[Event "KNSB Bekerfinale"]
[Site "Haarlem, Netherlands"]
[Date "????.??.??"]
[Round "2.6"]
[White "Pijpers, Arthur"]
[Black "Pham, Khoi"]
[Result "1/2-1/2"]
[TimeControl "100 minutes + increment 10 seconds"]
[WhiteTitle "IM"]
[BlackTitle "IM"]
[WhiteFideId "1019554"]
[BlackFideId "1054988"]
[WhiteElo "2456"]
[BlackElo "2385"]

1. e4 e5 2. Nf3 Nc6 3. Bb5 a6 4. Ba4 Nf6 5. O-O Be7 6. Re1 b5 7. Bb3 d6 8. c3 O-O 9. h3 Na5 10.
Bc2 c5 11. d4 Qc7 12. d5 Nc4 13. a4 Nb6 14. a5 Nbd7 15. c4 Rb8 16. Nc3 Ne8 17. Bd3 b4 18. Ne2 g6 19. g4 Ng7 20.
Ng3 Nf6 21. Bh6 Kh8 22. Nh2 Ng8 23. Be3 f5 24. exf5 gxf5 25. gxf5 Nxf5 26. Ng4 Nxe3 27. Nxe3 Bg5 28. Qh5 Qg7 29.
Nef5 Bxf5 30. Nxf5 Rxf5 31. Bxf5 Rf8 32. Be6 Nf6 33. Qf3 Bd2+ 34. Kh1 Bxe1 35. Rxe1 Qg6 36. b3 h6 37. Qg3 Qg5 38.
h4 Qxg3 39. fxg3 Nh5 40. Kg2 Ng7 41. Bd7 Nf5 42. Bxf5 Rxf5 43. Re4 Kg7 44. Re3 Kg6 45. Re4 h5 46. Re3 Rf6 47. Re2 Kf5 48.
Rf2+ Kg6 49. Re2 Kf5 50. Rf2+ Kg6 1/2-1/2

[Event "KNSB Bekerfinale"]
[Site "Haarlem, Netherlands"]
[Date "????.??.??"]
[Round "2.7"]
[White "Grutter, Tim"]
[Black "Bosman, Michiel"]
[Result "1/2-1/2"]
[TimeControl "100 minutes + increment 10 seconds"]
[WhiteTitle "FM"]
[BlackTitle "IM"]
[WhiteFideId "1057472"]
[BlackFideId "1000721"]
[WhiteElo "2326"]
[BlackElo "2340"]

1. e4 e5 2. Nf3 Nc6 3. Bb5 Nf6 4. O-O Nxe4 5. Re1 Nd6 6. Nxe5 Be7 7. Bf1 Nxe5 8. Rxe5 O-O 9. Nc3 Ne8 10.
d4 Bf6 11. Re1 d5 12. Bf4 c6 13. Be5 Bf5 14. Ne2 Nd6 15. Ng3 Bg6 1/2-1/2

[Event "KNSB Bekerfinale"]
[Site "Haarlem, Netherlands"]
[Date "????.??.??"]
[Round "2.8"]
[White "De Jong, Jan-Willem"]
[Black "Boeren, Jurriaan"]
[Result "1-0"]
[TimeControl "100 minutes + increment 10 seconds"]
[WhiteTitle "IM"]
[WhiteFideId "1008641"]
[BlackFideId "1067478"]
[WhiteElo "2398"]
[BlackElo "2178"]

1. d4 Nf6 2. c4 e6 3. Nf3 d5 4. Nc3 a6 5. cxd5 exd5 6. Bg5 Be6 7. e3 Nbd7 8. Bd3 Bd6 9. Rc1 c6 10.
Bh4 O-O 11. O-O Bg4 12. Qc2 Qc7 13. Bg3 Bxg3 14. hxg3 Rfe8 15. Nd2 Qd6 16. Na4 Bh5 17. Rfe1 Bg6 18. Bxg6 hxg6 19. b4 Re7 20.
Nc5 Nb6 21. a4 Rae8 22. Rb1 Rc7 23. Qd3 g5 24. Qf5 g4 25. e4 dxe4 26. Ndxe4 Nxe4 27. Nxe4 Qd8 28. Qxg4 Nd5 29. Ng5 Rce7 30.
Rxe7 Qxe7 31. Qh4 Nf6 32. Nf3 Qe2 33. d5 Qc2 34. Ra1 Ne4 35. dxc6 Qxf2+ 36. Kh2 bxc6 37. Rd1 g6 38. Rd8 Rxd8 39. Qxd8+ Kg7 40. Qc7 Qc2 41.
b5 Qxa4 42. b6 Nf2 43. Ne5 Ng4+ 44. Nxg4 Qxg4 45. Qe5+ Kh7 46. b7 1-0

[Event "KNSB Bekerfinale"]
[Site "Haarlem, Netherlands"]
[Date "????.??.??"]
[Round "3.5"]
[White "Van Wessel, Rudy"]
[Black "Schoppen, Casper"]
[Result "0-1"]
[TimeControl "100 minutes + increment 10 seconds"]
[WhiteTitle "IM"]
[BlackTitle "GM"]
[WhiteFideId "1004395"]
[BlackFideId "1046730"]
[WhiteElo "2347"]
[BlackElo "2558"]

1. d4 Nf6 2. Bf4 Nc6 3. e3 d6 4. h3 g6 5. Nf3 Bg7 6. Be2 O-O 7. O-O Nh5 8.
Bh2 e5 9. g4 exd4 10. Nxd4 Nf6 11. Nc3 Re8 12. Bf3 Ne5 13. Bg2 h5 14. g5 Nh7 15. h4 Bg4 16. f3 Bd7 17. b3 a6 18. Qd2 c5 19. Nde2 Bc6 20. Nf4 b5 21. Rad1 b4 22. Ncd5 a5 23. e4 a4 24.
Nd3 Bb5 25. f4 Ng4 26. f5 Bd4+ 27.
Kh1 Nxh2 28. Kxh2 axb3 29. axb3 Ra2 30. Qf4 Bxd3 31. fxg6 Be5 32. gxf7+ Kg7 33. fxe8=N+ Qxe8 34. Qxe5+ Qxe5+ 0-1

[Event "KNSB Bekerfinale"]
[Site "Haarlem, Netherlands"]
[Date "????.??.??"]
[Round "3.6"]
[White "Pham, Khoi"]
[Black "Pijpers, Arthur"]
[Result "1-0"]
[TimeControl "100 minutes + increment 10 seconds"]
[WhiteTitle "IM"]
[BlackTitle "IM"]
[WhiteFideId "1054988"]
[BlackFideId "1019554"]
[WhiteElo "2385"]
[BlackElo "2456"]

1. Nf3 g6 2. d4 Nf6 3. c4 Bg7 4. Nc3 d5 5. cxd5 Nxd5 6. h4 c5 7. h5 cxd4 8.
Nxd4 Nxc3 9. bxc3 Nc6 10.
e3 e5 11. Nxc6 Qxd1+ 12. Kxd1 bxc6 13. e4 Be6 14. Ba3 Bf8 15. Bxf8 Rxf8 16. Kc2 Rb8 17. hxg6 hxg6 18. Be2 Ke7 19. a4 Bb3+ 20. Kd2 Rfd8+ 21. Ke3 Be6 22. Rhb1 f5 23.
exf5 gxf5 24. f4 Kf6 25. Rh1 Rh8 26. a5 Rxh1 27. Rxh1 Rb3 28. Rh6+ Ke7 29. fxe5 Rxc3+ 30. Kd4 Ra3 31. Rh7+ Kd8 32. Rxa7 Ra2 33. Bf3 Rc2 34. a6 Rc4+ 35. Ke3 f4+ 36. Kd3 Rc5 37. Rb7 Ra5 38. a7 Bc8 39. Rh7 Ra6 40. Bxc6 1-0

[Event "KNSB Bekerfinale"]
[Site "Haarlem, Netherlands"]
[Date "????.??.??"]
[Round "3.7"]
[White "Bosman, Michiel"]
[Black "Grutter, Tim"]
[Result "0-1"]
[TimeControl "100 minutes + increment 10 seconds"]
[WhiteTitle "IM"]
[BlackTitle "FM"]
[WhiteFideId "1000721"]
[BlackFideId "1057472"]
[WhiteElo "2340"]
[BlackElo "2326"]

1. d4 Nf6 2. c4 g6 3. Nc3 Bg7 4. e4 d6 5. Be2 O-O 6. Be3 Nc6 7. Nf3 Bg4 8. d5 Bxf3 9. Bxf3 Ne5 10. Be2 e6 11. f4 Ned7 12. dxe6 fxe6 13. O-O Qe7 14.
Qc2 a6 15. Rad1 Rad8 16. Kh1 Ne8 17. Rf2 Nb8 18. b3 Nc6 19. a3 Qf6 20. Rd3 Qe7 21. b4 e5 22. f5 Nd4 23. Nd5 Qh4 24.
Qd2 h6 25. Bf3 c6 26. Bxd4 cxd5 27. g3 Qe7 28. Bb6 Rc8 29. cxd5 Nf6 30. Kg2 gxf5 31. Qe2 fxe4 32. Bxe4 Qd7 33. Bf5 Qb5 34. Be6+ Kh8 35. Be3 Rce8 36. Qd2 Ne4 37. Rxf8+ Rxf8 38. Qd1 Qc4 39. h3 Nc3 40. Qd2 Qe4+ 41. Kh2 Rf1 42. Bg1 Ne2 43. Qe3 Qxe3 44. Bxe3 e4 45. Rd2 Nc3 46. Bc8 Be5 47. Bxb7 Rf3 48. Bxh6 Rxg3 49. Rg2 Rg6+ 50.
Kh1 Rxh6 51. Bxa6 Rxh3+ 52. Kg1 Bd4+ 53. Kf1 Rh1+ 0-1

[Event "KNSB Bekerfinale"]
[Site "Haarlem, Netherlands"]
[Date "????.??.??"]
[Round "3.8"]
[White "Boeren, Jurriaan"]
[Black "De Jong, Jan-Willem"]
[Result "0-1"]
[TimeControl "100 minutes + increment 10 seconds"]
[BlackTitle "IM"]
[WhiteFideId "1067478"]
[BlackFideId "1008641"]
[WhiteElo "2178"]
[BlackElo "2398"]

1. e4 e5 2. Nf3 Nc6 3. Bb5 a6 4. Ba4 Nf6 5. O-O d6 6. Re1 Bd7 7. c3 g6 8. d4 Bg7 9. h3 O-O 10. Be3 Nxe4 11.
Bc2 exd4 12. Nxd4 Re8 13. Qf3 Nc5 14. Nd2 Qh4 15. b4 Ne5 16. Qg3 Qxg3 17. fxg3 Ncd3 18. Re2 c5 19. bxc5 dxc5 20.
N4f3 c4 21. Nd4 b5 22. a4 b4 0-1